 Dungeon Crawl Stone Soup version 0.26.1-11-gd32895ea62 (webtiles) character file.

Game seed: 12213137802920382994

156 Tirrikindir the Magician (level 5, 0/37 HPs)
             Began as a Demonspawn Hedge Wizard on June 14, 2021.
             Slain by an orc wizard
             ... wielding a +0 dagger
              (1 damage)
             ... on level 3 of the Dungeon.
             The game lasted 00:07:39 (3323 turns).

Tirrikindir the Magician (Demonspawn Hedge Wizard)  Turns: 3323, Time: 00:07:40

Health: 0/37       AC:  2    Str: 11    XL:     5   Next: 15%
Magic:  10/10      EV: 13    Int: 15    God:
Gold:   131        SH:  0    Dex: 13    Spells: 10/11 levels left

rFire    . . .     SeeInvis .   l - +0 flail
rCold    . . .     Faith    .   (no shield)
rNeg     . . .     Spirit   .   b - +0 robe
rPois    .         Reflect  .   c - +0 hat
rElec    .         Harm     .   (no cloak)
rCorr    .         Rampage  .   (no gloves)
Will     .....                  (no boots)
Stlth    ++........             (no amulet)
HPRegen  0.12/turn              (no ring)
MPRegen  0.12/turn              (no ring)

@: no status effects
A: antennae 1, powered by death 2, miasma immunity
a: no special abilities


You were on level 3 of the Dungeon.
You visited 1 branch of the dungeon, and saw 3 of its levels.

You collected 131 gold pieces.

Inventory:

Hand Weapons
 l - a +0 flail (weapon)
Armour
 b - a +0 robe (worn)
 c - a +0 hat (worn)
Wands
 k - a wand of acid (6)
Scrolls
 d - a scroll of teleportation {unknown}
 h - a scroll of fog {unknown}
 j - a scroll of random uselessness {unknown}
Potions
 a - 2 potions of brilliance
 e - a potion of cancellation {unknown}
 f - a potion of curing
 g - 2 potions of attraction {unknown}


   Skills:
 + Level 1.6 Fighting
 + Level 2.5 Dodging
 + Level 2.5 Stealth
 + Level 3.5 Spellcasting
 * Level 3.0 Conjurations
 - Level 1.0 Summonings
 - Level 0.8 Translocations


You had 10 spell levels left.
You knew the following spells:

 Your Spells              Type           Power        Failure   Level
a - Magic Dart            Conj           44%          5%          1

Your spell library contained the following spells:

 Spells                   Type           Power        Failure   Level
 Call Imp                 Summ           5%           19%         2
 Blink                    Tloc           N/A          21%         2
 Slow                     Hex            2%           28%         2
 Conjure Flame            Conj/Fire      7%           30%         3
 Mephitic Cloud           Conj/Pois/Air  5%           36%         3


Dungeon Overview and Level Annotations

Branches:
Dungeon (3/15)

Altars:
Hepliaklqana

Annotations:
D:3 Natasha


Innate Abilities, Weirdness & Mutations

You have a pair of small antennae on your head.
You regenerate health from kills.
You are immune to miasma.


Message History

The orc wizard flickers and vanishes!
Deactivating autopickup; reactivate with Ctrl-A.
You closely miss the orc. The orc hits you.
* * * LOW HITPOINT WARNING * * *
The orc closely misses you.
You sock the orc!
You kill the orc!
The orc wizard gestures at you while chanting.
The puff of flame hits you!
* * * LOW HITPOINT WARNING * * *
You completely miss the orc wizard. The orc wizard misses you.
The orc wizard closely misses you.
You hit the orc wizard but do no damage.
The orc wizard looks satisfied for a moment.
The orc wizard hits you but does no damage.
You sock the orc wizard!
The orc wizard is heavily wounded.
The orc wizard barely misses you.
The orc wizard hits you with a +0 dagger.
You die...

...h......#
.......<..##
...........#
........(#.##
............###
........Ko....#
#########{#(#.#
#o#....# #@#
##.. #...# ..
###..# . #.#
... #.. ... ..


You could see an orc wizard (fast), an orc and a kobold.

Vanquished Creatures
  Terence (D:2)
  5 adders
  2 oozes
  2 dart slugs
  3 leopard geckos
  2 orcs (D:3)
  2 ball pythons
  9 bats
  3 giant cockroaches
  6 hobgoblins
  6 jackals (D:1)
  A quokka (D:2)
  6 frilled lizards
  7 goblins
  5 kobolds
  7 rats
67 creatures vanquished.

Notes
Turn   | Place    | Note
-------+----------+-------------------------------------------
     0 | D:1      | Tirrikindir the Demonspawn Hedge Wizard began the quest for
                  | the Orb.
     0 | D:1      | Reached XP level 1. HP: 13/13 MP: 4/4
   254 | D:1      | Gained mutation: You regenerate a little health from kills.
                  | [demonic ancestry]
   254 | D:1      | Reached XP level 2. HP: 20/20 MP: 1/6
   817 | D:1      | Gained mutation: You regenerate health from kills. [demonic
                  | ancestry]
   817 | D:1      | Reached XP level 3. HP: 19/25 MP: 7/7
  1373 | D:2      | Reached skill level 1 in Fighting
  1832 | D:2      | Gained mutation: You have a pair of small antennae on your
                  | head. [demonic ancestry]
  1832 | D:2      | Reached XP level 4. HP: 32/32 MP: 5/9
  2747 | D:3      | Noticed Terence
  2783 | D:2      | Killed Terence
  2928 | D:3      | Gained mutation: You are immune to miasma. [demonic
                  | ancestry]
  2928 | D:3      | Reached XP level 5. HP: 37/37 MP: 8/10
  2962 | D:3      | Found a hazy altar of Hepliaklqana.
  3310 | D:3      | Noticed Natasha
  3320 | D:3      | HP: 1/37 [orc wizard/puff of flame (9)]
  3323 | D:3      | Slain by an orc wizard

Illustrated notes

Levels and vault maps discovered:
D:1:      eino_arrival_water_star, layout_loops_corners,
          chequers_serial_rivers_marsh, minmay_hexomino_f4
D:2:      layout_basic
D:3:      layout_rooms, nzn_hepliaklqana_mist_gate, uniq_terence, uniq_natasha

Skill      XL: |  1  2  3  4  5 |
---------------+----------------+-----
Dodging        | 2 |  2.5
Stealth        | 2 |  2.5
Conjurations   | 2 3 |  3.0
Fighting       | 1 |  1.6
Spellcasting   | |  3.5
Summonings     | |  1.0
Translocations | |  0.8

Action                   |  1- 3 |  4- 6 || total
-------------------------+-------+-------++-------
Melee: Whip              |   106 |       ||   106
       Long sword        |       |    56 ||    56
       Flail             |       |    49 ||    49
 Cast: Magic Dart        |    45 |    18 ||    63
  Use: Scroll            |     1 |     1 ||     2
       Potion            |       |     3 ||     3
 Stab: Sleeping          |     4 |     1 ||     5
Armor: Robe              |    20 |    17 ||    37
Dodge: Dodged            |    78 |   126 ||   204
       Rpst.: Long sword |       |    20 ||    20
